 Dungeon Crawl Stone Soup version 0.29-a0-92-gee772dd00f (webtiles) character file.

Game seed: 17898633930970706811

98720 Gargoyl the Severer (level 16, -8/119 HPs)
             Began as a Gargoyle Abyssal Knight on Feb 10, 2022.
             Was a Priest of Lugonu.
             Mangled by an orc knight (28 damage)
             ... on level 2 of the Orcish Mines.
             The game lasted 00:44:29 (24375 turns).

Gargoyl the Severer (Gargoyle Abyssal Knight)      Turns: 24375, Time: 00:44:29

Health: -8/119     AC: 47    Str: 31    XL:     16   Next: 23%
Magic:  20/20      EV:  8    Int: 17    God:    Lugonu [***...]
Gold:   2454       SH:  8    Dex: 12    Spells: 15/15 levels left

rFire   + . .      SeeInvis .   m - +7 war axe
rCold   + + .      Faith    .   f - +0 kite shield {AC+3}
rNeg    + . .      Spirit   .   P - +4 plate armour {rC+}
rPois   ∞          Reflect  .   w - +0 helmet
rElec   +          Harm     .   C - +0 cloak of Taento {Rampage Will++}
rCorr   .          Rampage  +   q - +0 pair of gloves of the Hot Ocelot {-Cast rF+ rC+ Dex+2}
Will    ++++.      NoCast   +   F - +0 pair of boots
Stlth   ..........              e - amulet of regeneration
HPRegen 1.09/turn               D - ring "Ehashr Anuga" {Will+ AC+4 Int+2}
MPRegen 0.17/turn               p - +6 ring of strength

@: flying
A: sickness immunity, AC +12, big wings, negative energy resistance 1,
electricity resistance, torment resistance 1, petrification resistance, clever
1, robust 1, shaggy fur 1, strong 1
a: Renounce Religion, Depart the Abyss, Bend Space, Banish


You were on level 2 of the Orcish Mines.
You worshipped Lugonu.
Lugonu was most pleased with you.
You visited 3 branches of the dungeon, and saw 23 of its levels.
You visited the Abyss 4 times.
You also visited: Volcano.

You collected 2614 gold pieces.
You spent 160 gold pieces at shops.

Inventory:

Hand Weapons
 a - a +1 hand axe of flaming
 m - a +7 war axe (weapon)
 L - a +4 scimitar of flaming
Missiles
 n - 39 poisoned darts
 E - 2 curare-tipped darts (quivered)
Armour
 f - a +0 kite shield of protection (worn)
 q - the +0 pair of gloves of the Hot Ocelot (worn) {-Cast rF+ rC+ Dex+2}
   (You found it on level 6 of the Dungeon)

   Dex:       It affects your dexterity (+2).
   rF:        It protects you from fire.
   rC:        It protects you from cold.
   -Cast:     It prevents spellcasting.
 w - a +0 helmet (worn)
 C - the +0 cloak of Taento (worn) {Rampage Will++}
   (You found it on level 6 of the Lair of Beasts)

   Rampage:   It bestows one free step when moving towards enemies.
   Will:      It greatly increases your willpower.
 F - a +0 pair of boots (worn)
 P - a +4 plate armour of cold resistance (worn)
Jewellery
 e - an amulet of regeneration (around neck)
 k - the amulet of Wuitwer {Reflect rElec SH+5}
   (You acquired it on level 11 of the Dungeon)

   [amulet of reflection]

   It reflects blocked missile attacks.
   rElec:     It insulates you from electricity.
   SH:        It affects your SH (+5).
 l - a +4 ring of evasion
 o - a ring of flight
 p - a +6 ring of strength (right hand)
 s - a ring of resist corrosion
 B - a +6 ring of dexterity
 D - the ring "Ehashr Anuga" (left hand) {Will+ AC+4 Int+2}
   (You acquired it on level 11 of the Dungeon)

   [ring of protection]

   AC:        It affects your AC (+4).
   Int:       It affects your intelligence (+2).
   Will:      It increases your willpower.
 K - a ring of protection from fire
 N - a ring of protection from cold
 R - a +4 ring of protection
Wands
 r - a wand of mindburst (7)
 t - a wand of polymorph (10)
 v - a wand of flame (39)
 x - a wand of iceblast (4)
 y - a wand of acid (7)
 H - a wand of digging (11)
 M - a wand of paralysis (4)
Scrolls
 h - 2 scrolls of fog
 i - 3 scrolls of silence
 j - 10 scrolls of identify
 G - a scroll of holy word
 J - a scroll of fear
 O - a scroll of teleportation
Potions
 b - 7 potions of haste
 c - 4 potions of curing
 d - 4 potions of invisibility
 g - 5 potions of brilliance
 z - 3 potions of cancellation
 A - a potion of might
 I - a potion of flight
 Q - a potion of mutation
Miscellaneous
 u - a lightning rod (4/4)


   Skills:
 + Level 15.7 Fighting
 + Level 1.6 Long Blades
 + Level 17.1 Axes
 + Level 4.0 Throwing
 + Level 14.6 Armour
 + Level 4.4 Dodging
 + Level 2.8 Stealth
 + Level 3.8 Shields
 + Level 0.9 Unarmed Combat
 + Level 6.3 Invocations
 + Level 2.0 Evocations


You had 15 spell levels left.
You didn't know any spells.
Your spell library contained the following spells:

 Spells                   Type           Power      Damage    Failure   Level
 Foxfire                  Conj/Fire      0%         2x1d4     98%         1
 Corpse Rot               Necr/Air       0%         N/A       99%         2
 Conjure Flame            Conj/Fire      0%         6-21      100%        3
 Ignite Poison            Fire/Tmut/Pois 0%         N/A       100%        3
 Inner Flame              Hex/Fire       0%         N/A       100%        3
 Portal Projectile        Hex/Tloc       0%         N/A       100%        3
 Cause Fear               Hex            0%         N/A       100%        4
 Dispel Undead            Necr           0%         3d6       100%        4
 Flame Wave               Conj/Fire      0%         2d4       100%        4
 Fulminant Prism          Conj/Hex       0%         3d6       100%        4
 Hailstorm                Conj/Ice       0%         3d3       100%        4
 Ice Form                 Ice/Tmut       0%         N/A       100%        4
 Iskenderun's Mystic Bla  Conj/Tloc      0%         2d3       100%        4
 Olgreb's Toxic Radiance  Pois           0%         N/A       100%        4
 Sticky Flame             Conj/Fire      0%         2d3       100%        4
 Blade Hands              Tmut           0%         N/A       100%        5
 Excruciating Wounds      Necr           0%         N/A       100%        5
 Lee's Rapid Deconstruct  Erth           0%         3d5*      100%        5
 Death Channel            Necr           0%         N/A       100%        6
 Simulacrum               Ice/Necr       0%         N/A       100%        6
 Dragon Form              Tmut           0%         N/A       100%        7
 Ozocubu's Refrigeration  Ice            0%         4d5       100%        7
 Borgnjor's Revivificati  Necr           0%         N/A       100%        8
 Ignition                 Fire           0%         3d3       100%        8
 Necromutation            Tmut/Necr      0%         N/A       100%        8
 Death's Door             Necr           0%         N/A       100%        9
 Dragon's Call            Summ           0%         N/A       100%        9


Dungeon Overview and Level Annotations

Branches:
Dungeon (15/15)            Temple (0/1) D:4            Lair (6/6) D:8
  Swamp (0/4) Lair:4        Snake (0/4) Lair:3        Slime (0/5) Lair:5
    Orc (2/2) D:11         Vaults (0/5) D:13         Depths (0/4) D:15
Volcano (visited)
    Elf: Orc:2

Altars:
Ashenzari
Elyvilon
Fedhas
Hepliaklqana
Nemelex Xobeh
Qazlal
Ru
Trog
Vehumet
Wu Jian
The Shining One
Beogh
Jiyva
Lugonu

Shops:
D:2 ?[!   D:9 *

Portals:
Abyss: D:3 Lair:6

Annotations:
D:3 2 transporters, dcsswall's ghost, amateur BaFi
D:9 exclusion: ice statue
D:11 2 runed translucent doors
Lair:3 1 transporter


Innate Abilities, Weirdness & Mutations

You are immune to sickness and miasma.
Your stone body is resilient. (AC +12)
You are immune to poison.
Your large and strong wings let you fly.
You resist negative energy. (rN+)
You are resistant to electric shocks. (rElec)
You are resistant to unholy torment.
You are immune to petrification.
Your mind is acute. (Int +2)
You are robust. (+10% HP)
You are covered in fur. (AC +1)
Your muscles are strong. (Str +2)


Message History

The orc knight goes into a battle-frenzy!
Unknown command.
You slice the orc warlord!!
The orc warlord is almost dead.
The orc warrior no longer looks unusually strong.
The orc warlord hits you with a +2 great mace of holy wrath.
Unknown command.
You slash the orc warlord!
You kill the orc warlord!
Lugonu accepts your kill.
Unknown command.
You slash the orc knight!
The orc knight is lightly wounded.
The orc sorcerer no longer looks unusually strong.
You block the orc knight's attack.
The orc sorcerer gestures wildly while chanting.
You barely miss the orc knight.
The orc knight is lightly wounded.
The orc knight hits you but does no damage.
Unknown command.
You slash the orc knight!
The orc knight is moderately wounded.
The orc knight hits you but does no damage.
The orc sorcerer mumbles some strange words.
Unknown command.
The orange demon screeches!
You hit the orc knight.
The orc knight is moderately wounded.
The orc knight roars a battlecry!
The orcs go into a battle-frenzy!
You hit the orc knight but do no damage.
The orc knight is moderately wounded.
The orc knight hits you with a +0 war axe!!
* * * LOW HITPOINT WARNING * * *
Unknown command.
You slash the orc knight!
The orc knight is severely wounded.
The orc sorcerer gestures wildly while chanting.
The orc knight hits you with a +0 war axe!!
You die...

##§≈≈§§§§..#.##'##.#
#§##≈≈§§≈..).#...#.#
#####§§§≈..###...#)##+###+#
########.'._)).........
#.#...###'###### ##
#.#...#.....#..# ###..
#.#####....)#...
#...4o###.# #..⌠.)'...
..$.3Oo@'.# #....)#...
#....o##### #.....#...
###$. #### #######... ##
...##.........
#............ ###
#............
##.###............
####...###...<......#
##....#..##........###


You could see an orc knight (strong), an orange demon (summoned), a sixfirhy
(summoned), an orc sorcerer (strong), an orc warrior (strong) and an ogre.

Vanquished Creatures
  Rupert (D:13)
  Jorgrun (Orc:1)
  A sphinx (shapeshifter) (Lair:6)
  A storm dragon (D:14)
  A frost giant (D:14)
  2 orc warlords
  Nessos (D:13)
  Snorg (D:13)
  An ettin (D:14)
  2 fire dragons
  Josephine (D:13)
  Harold (D:6)
  3 boulder beetles
  5 hydras
  An ogre mage (D:10)
  2 ice dragons
  3 centaur warriors
  2 death knights
  8 two-headed ogres
  Erica (Orc:1)
  A deep troll earth mage (D:14)
  A catoblepas (Lair:3)
  A hell hog (Volcano)
  3 tengu warriors
  Urug (D:15)
  Sonja (D:10)
  3 thrashing horrors (Lair:6)
  Nergalle (Lair:1)
  4 lindwurms
  A bog body (Lair:4)
  2 orc knights
  A deep elf pyromancer (D:14)
  A wolf spider (D:11)
  5 orc sorcerers
  2 manticores
  14 ugly things
  7 cyclopes
  9 black mambas
  2 molten gargoyles (Volcano)
  Joseph (D:7)
  2 centaur zombies
  A torpor snail (Lair:6)
  A black mamba (shapeshifter) (D:14)
  2 gargoyles (D:12)
  Psyche (D:7)
  9 cane toads
  5 kobold demonologists
  9 komodo dragons
  A rime drake (Lair:3)
  An efreet (D:11)
  2 freezing wraiths (D:14)
  A yaktaur (D:11)
  A meliai (shapeshifter) (D:14)
  An ancient zyme (Lair:6)
  6 trolls
  2 polar bears
  A wolf spider simulacrum (D:15)
  Grinder (D:4)
  19 blink frogs
  A harpy skeleton (Abyss:1)
  4 large abominations (Lair:6)
  2 hornets
  5 slime creatures
  A culicivora (shapeshifter) (D:13)
  A centaur simulacrum (D:15)
  57 yaks
  A shadow (D:11)
  A spriggan (Lair:6)
  4 ynoxinuls (Lair:6)
  3 wyverns
  4 fire bats (Volcano)
  6 wraiths (D:13)
  6 golden eyes (Abyss:1)
  5 basilisks
  2 chaos spawn (Lair:6)
  13 small abominations
  A golden eye (shapeshifter) (D:13)
  A hog (shapeshifter) (D:11)
  5 vampire mosquitoes (D:12)
  A steam dragon (D:7)
  2 wargs (Orc:2)
  2 acid dragons
  3 hell hounds (Volcano)
  An acid dragon (shapeshifter) (D:14)
  A swamp worm (shapeshifter) (D:13)
  24 orc warriors
  24 water moccasins
  Duvessa (D:5)
  A meliai simulacrum (D:14)
  A sky beast (D:8)
  A black bear (shapeshifter) (D:14)
  2 hornet zombies
  An ice beast (shapeshifter) (D:11)
  3 necrophages
  6 boggarts (D:15)
  7 ogres
  20 centaurs
  3 wolves (Lair:3)
  A phantom (D:4)
  8 kobold brigands
  16 bullfrogs
  4 scorpions
  Dowan (D:5)
  9 killer bees
  4 wights
  4 electric eels (D:7)
  4 howler monkeys
  4 hounds
  8 lava snakes (Volcano)
  2 jellies
  9 orc priests
  A gnoll shaman (D:6)
  An iron imp (D:8)
  4 iguanas
  5 orc wizards
  2 killer bee zombies
  2 hound skeletons
  10 gnolls
  2 howler monkey skeletons
  7 adders
  2 white imps
  An ufetubus (D:7)
  A worm (D:3)
  3 dart slugs
  71 orcs
  8 ball pythons
  6 endoplasms
  2 giant cockroaches
  34 goblins
  16 hobgoblins
  11 jackals
  3 quokkas
  3 bats
  6 frilled lizards
  A goblin skeleton (D:8)
  A goblin zombie (D:8)
  5 hobgoblin zombies (D:8)
  24 kobolds
  A kobold skeleton (D:8)
  5 rats
  A briar patch (Lair:3)
706 creatures vanquished.

Vanquished Creatures (collateral kills)
  2 gnolls (D:4)
  An adder (D:5)
  2 orcs (D:4)
  6 goblins (D:4)
  6 hobgoblins (D:4)
  2 kobolds (D:4)
19 creatures vanquished.

Vanquished Creatures (others)
  2 boggarts (D:15)
  A gnoll (D:4)
  2 goblins (D:4)
  A quokka (D:9)
  A briar patch (Lair:3)
  56 fungi
  78 plants
141 creatures vanquished.

Grand Total: 866 creatures vanquished

Notes
Turn   | Place    | Note
-------+----------+-------------------------------------------
     0 | Abyss:1  | Gargoyl the Gargoyle Abyssal Knight began the quest for the
                  | Orb.
     0 | Abyss:1  | Reached XP level 1. HP: 14/14 MP: 2/2
    35 | Abyss:1  | Noticed an ice beast
    35 | D:1      | Escaped the Abyss
   161 | D:1      | Reached skill level 2 in Axes
   161 | D:1      | Reached XP level 2. HP: 4/19 MP: 3/3
   485 | D:1      | Reached * piety under Lugonu
   788 | D:1      | Reached XP level 3. HP: 22/24 MP: 4/4
   845 | D:1      | Reached skill level 1 in Dodging
  1070 | D:1      | Found a faded altar of an unknown god.
  1376 | D:1      | Reached ** piety under Lugonu
  1684 | D:2      | Found Xuwedgh's Magic Scroll Shop.
  1697 | D:2      | Bought a scroll of teleportation for 39 gold pieces
  1753 | D:2      | Found Toho's Distillery.
  1922 | D:2      | Reached XP level 4. HP: 29/29 MP: 5/5
  1963 | D:2      | Reached skill level 3 in Axes
  2279 | D:2      | Found Ivica's Antique Armour Boutique.
  2383 | D:3      | Reached XP level 5. HP: 30/33 MP: 6/6
  2445 | D:3      | Found a transporter.
  2450 | D:3      | Found a one-way gate to the infinite horrors of the Abyss.
  2450 | D:3      | Noticed a kobold brigand
  2450 | D:3      | Noticed dcsswall's ghost (amateur BaFi)
  2457 | D:3      | Found a transporter.
  2457 | D:3      | Noticed a small abomination
  2826 | D:4      | Reached skill level 1 in Stealth
  2826 | D:4      | Found a staircase to the Ecumenical Temple.
  2862 | D:4      | Found a sacrificial altar of Ru.
  2955 | D:4      | Noticed a necrophage
  2979 | D:4      | Killed a necrophage
  2980 | D:4      | Reached XP level 6. HP: 12/38 MP: 7/7
  3079 | D:4      | Noticed a necrophage
  3089 | D:4      | Killed a necrophage
  3090 | D:4      | Reached skill level 4 in Axes
  3119 | D:4      | Reached *** piety under Lugonu
  3190 | D:4      | Reached XP level 7. HP: 44/44 MP: 8/8
  3355 | D:4      | Reached **** piety under Lugonu
  3748 | D:4      | Reached skill level 5 in Axes
  3931 | D:5      | Entered Level 5 of the Dungeon
  3934 | D:5      | Found a stormy altar of Qazlal.
  3988 | D:5      | Noticed Grinder
  4035 | D:4      | Reached skill level 5 in Fighting
  4166 | D:5      | Noticed Duvessa
  4313 | D:5      | Killed Duvessa
  4314 | D:5      | Reached XP level 8. HP: 45/49 MP: 9/9
  4337 | D:5      | Paralysed by Grinder for 6 turns
  4338 | D:5      | Noticed Dowan
  4361 | D:4      | Paralysed by Grinder for 7 turns
  4370 | D:4      | Killed Grinder
  4371 | D:4      | Reached skill level 5 in Armour
  4493 | D:5      | Killed Dowan
  4535 | D:5      | Reached skill level 1 in Throwing
  4629 | D:5      | Found a bloodstained altar of Trog.
  4692 | D:5      | Found a blossoming altar of Fedhas.
  4757 | D:5      | Reached skill level 6 in Axes
  4757 | D:5      | Reached skill level 1 in Evocations
  5459 | D:6      | Reached XP level 9. HP: 55/55 MP: 10/10
  5509 | D:6      | Found a hazy altar of Hepliaklqana.
  5801 | D:6      | Reached skill level 7 in Axes
  5976 | D:6      | Identified the +0 pair of gloves of the Hot Ocelot {-Cast
                  | rF+ rC+ Dex+2}
  6102 | D:6      | Reached ***** piety under Lugonu
  6243 | D:7      | Noticed a troll
  6266 | D:6      | Killed a troll
  6354 | D:7      | Found a radiant altar of Vehumet.
  6416 | D:7      | Noticed Joseph
  6437 | D:7      | Killed Joseph
  6573 | D:7      | Reached skill level 8 in Axes
  6581 | D:7      | Noticed Harold
  6747 | D:6      | Killed Harold
  6748 | D:6      | Reached XP level 10. HP: 44/64 MP: 11/11
  6867 | D:7      | Found a broken altar of Ashenzari.
  7534 | D:8      | Noticed Psyche
  7685 | D:7      | Gained mutation: You have a pair of small horns on your
                  | head. [potion of mutation]
  7685 | D:7      | Gained mutation: You are covered in fur. (AC +1) [potion of
                  | mutation]
  7685 | D:7      | Gained mutation: You are occasionally teleported next to
                  | monsters. [potion of mutation]
  7823 | D:8      | Reached skill level 9 in Axes
  7845 | D:8      | Found a glowing golden altar of the Shining One.
  8006 | D:7      | Paralysed by Psyche for 4 turns
  8008 | D:7      | Killed Psyche
  8104 | D:8      | Found a staircase to the Lair.
  8570 | D:9      | Reached XP level 11. HP: 69/69 MP: 12/12
  8577 | D:9      | Reached skill level 10 in Axes
  8676 | D:9      | Found a white marble altar of Elyvilon.
  8691 | D:9      | Noticed a two-headed ogre
  8708 | D:9      | Killed a two-headed ogre
  8729 | D:9      | Found Beecuc's Gadget Gallery.
  8748 | D:9      | Bought a wand of mindburst (7) for 121 gold pieces
  8852 | D:9      | Found a sparkling altar of Nemelex Xobeh.
  9122 | Lair:1   | Entered Level 1 of the Lair of Beasts
  9187 | Lair:1   | Noticed a lindwurm
  9187 | Lair:1   | Noticed a lindwurm
  9191 | Lair:1   | Noticed a lindwurm
  9207 | Lair:1   | Killed a lindwurm
  9211 | Lair:1   | Killed a lindwurm
  9220 | Lair:1   | Reached skill level 11 in Axes
  9222 | Lair:1   | Killed a lindwurm
  9328 | Lair:1   | Noticed Nergalle
  9338 | Lair:1   | Killed Nergalle
 10080 | Lair:2   | Reached XP level 12. HP: 45/76 MP: 14/14
 10284 | Lair:2   | Reached skill level 12 in Axes
 10785 | Lair:3   | Reached skill level 10 in Fighting
 10832 | Lair:3   | Reached ****** piety under Lugonu
 10878 | Lair:3   | Found a staircase to the Snake Pit.
 10896 | Lair:3   | Reached skill level 10 in Armour
 10928 | Lair:3   | Reached skill level 13 in Axes
 10944 | Lair:3   | Found a transporter.
 11310 | Lair:3   | Noticed a catoblepas
 11322 | Lair:3   | Killed a catoblepas
 11667 | Lair:3   | Found a transporter.
 11851 | Lair:4   | Noticed an eight-headed hydra
 11869 | Lair:4   | Killed a one-headed hydra
 11964 | Lair:4   | Reached XP level 13. HP: 56/84 MP: 15/15
 12358 | Lair:4   | Found a staircase to the Swamp.
 12714 | Lair:5   | Reached skill level 14 in Axes
 13103 | Lair:5   | Found a viscous altar of Jiyva.
 13103 | Lair:5   | Found a staircase to the Slime Pits.
 13292 | Lair:6   | Entered Level 6 of the Lair of Beasts
 13958 | Lair:6   | Found a dark tunnel.
 13987 | Volcano  | Entered a volcano
 14407 | Volcano  | Found a radiant altar of Vehumet.
 14464 | Volcano  | Noticed a fire dragon
 14478 | Volcano  | Killed a fire dragon
 14748 | Lair:6   | Noticed a broodmother
 14889 | Lair:6   | Lost mutation: You have a pair of small horns on your head.
                  | [potion of mutation]
 14889 | Lair:6   | Lost mutation: You are occasionally teleported next to
                  | monsters. [potion of mutation]
 14889 | Lair:6   | Gained mutation: You are robust. (+10% HP) [potion of
                  | mutation]
 14889 | Lair:6   | Gained mutation: Your large and strong wings let you fly.
                  | [potion of mutation]
 14889 | Lair:6   | Gained mutation: You have hidden genetic potential. [potion
                  | of mutation]
 14910 | Lair:6   | HP: 4/94 [lindwurm/blast of flame (13)]
 15112 | Lair:6   | Identified the +6 dagger of Honesty {vamp, rC+}
 15196 | Lair:6   | Reached skill level 15 in Axes
 15230 | Lair:6   | Mutation became permanent: Your large and strong wings let
                  | you fly. [Gargoyle growth]
 15230 | Lair:6   | Gained mutation: Your large and strong wings let you fly.
                  | [Gargoyle growth]
 15230 | Lair:6   | Reached XP level 14. HP: 101/101 MP: 16/16
 15746 | Lair:6   | Noticed a sphinx
 15759 | Lair:6   | Killed a sphinx
 16018 | Lair:6   | Found a corrupted altar of Lugonu.
 16027 | Lair:6   | Identified the +0 cloak of Taento {Rampage Will++}
 16302 | D:10     | Entered Level 10 of the Dungeon
 16749 | D:10     | Found an ornate altar of the Wu Jian Council.
 16821 | D:10     | Found a runed translucent door.
 17022 | D:10     | Noticed Sonja
 17029 | D:10     | Killed Sonja
 17694 | D:10     | Gained mutation: Your mind is acute. (Int +2) [hidden
                  | potential]
 17808 | D:11     | Identified 2 scrolls of acquirement
 17808 | D:11     | Acquired the amulet of Wuitwer {Reflect rElec SH+5}
 17904 | D:11     | Acquired the ring "Ehashr Anuga" {Will+ AC+4 Int+2}
 17990 | D:11     | Found a staircase to the Orcish Mines.
 18141 | D:11     | Found a runed translucent door.
 18169 | D:11     | Reached skill level 16 in Axes
 18414 | D:11     | Found a runed translucent door.
 18861 | D:12     | Reached skill level 5 in Invocations
 19497 | D:13     | Noticed Urug
 19521 | D:13     | Found a gate to the Vaults.
 19543 | D:13     | Reached XP level 15. HP: 91/110 MP: 19/19
 19600 | D:13     | Noticed Snorg
 19668 | D:13     | Killed Snorg
 19786 | D:13     | Noticed Rupert
 19831 | D:13     | Killed Rupert
 19904 | D:13     | Noticed Josephine
 19907 | D:13     | Noticed Nessos
 19914 | D:13     | Killed Josephine
 19932 | D:13     | Escaped the Abyss
 19933 | D:13     | Killed Nessos
 20706 | D:14     | Noticed a storm dragon
 20722 | D:14     | Killed a storm dragon
 20773 | D:14     | Noticed a frost giant
 20781 | D:14     | Killed a frost giant
 20787 | D:14     | Identified the amulet of Liv Nium {Acrobat Rampage rC-
                  | Int+2 Slay+3}
 20858 | D:14     | Gained mutation: Your muscles are strong. (Str +2) [hidden
                  | potential]
 20858 | D:14     | Lost mutation: You have hidden genetic potential. [hidden
                  | potential expressed]
 21376 | D:15     | Entered Level 15 of the Dungeon
 21535 | D:15     | Reached skill level 1 in Long Blades
 21610 | D:15     | Killed Urug
 21611 | D:15     | Reached skill level 15 in Fighting
 21723 | D:15     | Escaped the Abyss
 21982 | D:15     | Reached skill level 1 in Shields
 22448 | D:15     | Found a staircase to the Depths.
 22950 | Orc:1    | Entered Level 1 of the Orcish Mines
 22950 | Orc:1    | Noticed Erica
 22959 | Orc:1    | Killed Erica
 23092 | Orc:1    | Noticed Jorgrun
 23109 | Orc:1    | Killed Jorgrun
 23110 | Orc:1    | Reached XP level 16. HP: 64/118 MP: 20/20
 23377 | Orc:2    | Entered Level 2 of the Orcish Mines
 23742 | Orc:1    | Reached skill level 17 in Axes
 24007 | Orc:1    | Escaped the Abyss
 24375 | Orc:2    | Mangled by an orc knight

Illustrated notes

Levels and vault maps discovered:
D:1:      kilobyte_arrival_exit_the_forest, layout_loops_corners,
          chequers_ecumenical_altar_simple, minmay_misc_feat_columns,
          minmay_pentomino_q4
D:2:      minmay_chambers_of_twos, layout_basic, serial_shops,
          nicolae_shop_statue_plus, nicolae_square_shop, nicolae_lakefront_shop
D:3:      layout_rooms, gammafunk_ghost_abyssal_escape
D:4:      minmay_goblin_kobold_castle, layout_gridville,
          mainiacjoe_overflow_tiny_flanked, minmay_temple_entry_slanted,
          chequers_serial_rivers_micro_d, fountainhead, minmay_cupped
D:5:      layout_cave_pools, lemuel_tele_altar,
          mainiacjoe_overflow_concentric_impassable, amcnicky_altar_gilded,
          uniq_duvessa, uniq_grinder
D:6:      layout_basic, nzn_hepliaklqana_mist_gate
D:7:      layout_cave_pools, fiery_altar_vehumet, mainiacjoe_overflow_brackets,
          serial_bayou_lagoon_b, uniq_harold, uniq_joseph
D:8:      layout_loops_cross, nicolae_tso_besieged_by_evil,
          due_lair_maze_entry_diamond, uniq_psyche
D:9:      lemuel_ice_statue, layout_rooms, elyvilon_altar_4,
          nemelex_spade_bored_becter, nicolae_shop_gadgets
D:10:     layout_grid_maze, nzn_wu_jian_council_hall,
          minmay_misc_feat_nine_boxes, minmay_st_funbox, uniq_sonja
D:11:     minmay_the_grid_triangle_9x9_recursive_2
          [minmay_the_grid_triangle_9x9_prize_schism,
          minmay_the_grid_triangle_9x9_zippers_vertical,
          minmay_the_grid_triangle_9x9_odd_lines,
          minmay_the_grid_triangle_9x9_tough_junction], layout_cave_pools,
          grunt_decor_one_mirror
D:12:     layout_loops_ring, kennysheep_generic_room_8
D:13:     layout_basic, david_vaults_2, uniq_nessos, uniq_josephine, uniq_snorg,
          uniq_rupert, uniq_urug
D:14:     layout_gridville, dk_noncrumbling_4, minmay_diamond_spiral
D:15:     grunt_enter_depths_hoard, layout_loops_ring,
          hangedman_abyss_or_decor_stagger, portal_ice_cave_entry_dragon
Lair:1:   layout_roguey, nicolae_lair_lindhole, uniq_nergalle
Lair:2:   layout_loops_ring, chequers_serial_rivers_micro_b, lemuel_fruit_tree,
          grunt_megastairs_2
Lair:3:   gammafunk_worm_tunnel, layout_hall_layers,
          minmay_snake_entry_six_corridors, minivault_26,
          chequers_serial_rivers_micro_b
Lair:4:   layout_roguey, skrybe_swamp_entry_bodies,
          nicolae_quartered_pool_impasse
Lair:5:   layout_misc_corridors, slime_altar_1, grunt_megastairs_4
Lair:6:   hellmonk_lair_end_abyssal_woods, layout_hall_layers,
          nicolae_volcano_entry_s_turn, minmay_lindwurm_lava
Orc:1:    cheibrodos_orc_arena, layout_caves, uniq_erica, uniq_jorgrun
Orc:2:    pubby_orc_utopia, serial_shops

Skill      XL: |  1  2  3  4  5  6  7  8  9 10 11 12 13 14 15 16 |
---------------+-------------------------------------------------+-----
Axes           | 2 3 4 5 6 8 9 11 13 15 16 17 | 17.1
Dodging        | 1 2 3 4 |  4.4
Armour         | 3 4 5 7 8 9 10 12 13 14 | 14.6
Fighting       | 4 5 7 8 9 11 12 13 15 | 15.7
Stealth        | 1 2 |  2.8
Throwing       | 1 2 3 4 |  4.0
Evocations     | 1 2 |  2.0
Invocations    | 3 5 6 |  6.3
Long Blades    | 1 |  1.6
Shields        | 3 |  3.8
Unarmed Combat | |  0.9

Action                   |  1- 3 |  4- 6 |  7- 9 | 10-12 | 13-15 | 16-18 || total
-------------------------+-------+-------+-------+-------+-------+-------++-------
Melee: Hand axe          |   101 |   140 |   414 |    78 |    17 |       ||   750
       Punch             |       |       |     5 |    10 |    30 |       ||    45
       War axe           |       |       |       |   452 |  1195 |   229 ||  1876
       Headbutt          |       |       |       |    97 |    63 |       ||   160
       Unarmed           |       |       |       |     6 |       |       ||     6
       Executioner's axe |       |       |       |       |    42 |       ||    42
       Scimitar          |       |       |       |       |    11 |       ||    11
Throw: Dart              |       |       |    29 |    16 |    15 |       ||    60
       Throwing net      |       |       |     1 |       |       |       ||     1
Invok: Depart the Abyss  |     1 |       |       |       |     2 |     1 ||     4
       Banish            |       |       |       |     1 |     7 |       ||     8
       Bend Space        |       |       |       |       |     4 |     1 ||     5
       Enter the Abyss   |       |       |       |       |     2 |     1 ||     3
Evoke: Wand              |       |       |    17 |       |       |       ||    17
  Use: Scroll            |       |     7 |     9 |     9 |    17 |       ||    42
       Potion            |       |     1 |     3 |     7 |     7 |     4 ||    22
 Stab: Sleeping          |     1 |       |       |       |       |       ||     1
       Invisible         |       |       |     2 |       |       |       ||     2
Armor: Leather armour    |    28 |       |       |       |       |       ||    28
       Ring mail         |    26 |    94 |    65 |       |       |       ||   185
       Chain mail        |       |       |    56 |       |       |       ||    56
       Plate armour      |       |       |   168 |   525 |  1224 |   122 ||  2039
       Skin              |       |       |     7 |       |       |       ||     7
Dodge: Dodged            |    69 |   108 |   210 |   267 |   599 |    54 ||  1307
Block: Kite shield       |       |       |       |       |   115 |    56 ||   171
       Other             |       |       |       |       |     2 |       ||     2
       Reflection        |       |       |       |       |     2 |       ||     2

Table legend: (Time is in decaauts)
 A = Elapsed time spent in this place.
 B = Non-inter-level travel time spent in this place.
 C = Inter-level travel time spent in this place.
 D = Time resting spent in this place.
 E = Time spent auto-exploring this place.
 F = Levels seen in this place.
 G = Mean time per level.
                   A        B        C        D        E       F      G
               +--------+--------+--------+--------+--------+-----+--------+
         Total |  24093 |  22686 |   1407 |   1945 |  14421 |  28 |  860.5 |
       Dungeon |  15567 |  14550 |   1017 |   1116 |   9476 |  15 | 1037.8 |
          Lair |   6384 |   6031 |    353 |    527 |   3962 |   6 | 1064.0 |
  Orcish Mines |   1292 |   1255 |     37 |    100 |    696 |   2 |  646.0 |
         Abyss |    240 |    240 |      0 |    147 |     32 |   4 |   60.0 |
       Volcano |    608 |    608 |      0 |     54 |    254 |   1 |  608.0 |
               +--------+--------+--------+--------+--------+-----+--------+

Top non-repeatable levels by time:
  Lair:6: 2082 daAuts
     D:4: 1624 daAuts
     D:1: 1587 daAuts
    D:10: 1470 daAuts
     D:7: 1242 daAuts
     D:6: 1233 daAuts
    D:15: 1213 daAuts
    D:13: 1201 daAuts
  Lair:3: 1111 daAuts
    D:14: 1078 daAuts
     D:8: 966 daAuts
   Orc:1: 908 daAuts
  Lair:1: 906 daAuts
     D:5: 824 daAuts
  Lair:4: 778 daAuts
